 Dungeon Crawl Stone Soup version 0.26.1-11-gd32895ea62 (webtiles) character file.

Game seed: 5076162703402759273

140 jondo1214 the Chopper (level 5, -10/46 HPs)
             Began as a Hill Orc Fighter on Sept 14, 2021.
             Mangled by an ogre
             ... wielding a +0 giant spiked club
              (14 damage)
             ... on level 3 of the Dungeon.
             The game lasted 00:05:35 (1933 turns).

jondo1214 the Chopper (Hill Orc Fighter)            Turns: 1933, Time: 00:05:36

Health: -10/46     AC: 10    Str: 20    XL:     5   Next: 23%
Magic:  5/5        EV:  5    Int:  8    God:
Gold:   171        SH:  9    Dex: 10    Spells: 4/4 levels left

rFire    . . .     SeeInvis .   a - +1 war axe
rCold    . . .     Faith    .   c - +0 kite shield
rNeg     . . .     Spirit   .   i - +0 chain mail
rPois    .         Reflect  .   e - +0 helmet
rElec    .         Harm     .   (no cloak)
rCorr    .         Rampage  .   (no gloves)
Will     .....                  (no boots)
Stlth    ..........             (no amulet)
HPRegen  0.15/turn              (no ring)
MPRegen  0.09/turn              (no ring)

@: no status effects
A: no striking features
a: no special abilities


You were on level 3 of the Dungeon.
You visited 1 branch of the dungeon, and saw 3 of its levels.

You collected 171 gold pieces.

Inventory:

Hand Weapons
 a - a +1 war axe (weapon)
Missiles
 k - 23 poisoned darts (quivered)
Armour
 b - a +0 scale mail
 c - a +0 kite shield (worn)
 e - a +0 helmet (worn)
 i - a +0 chain mail (worn)
Wands
 l - a wand of polymorph (8)
Scrolls
 f - 2 scrolls of identify
 n - a scroll of amnesia {unknown}
 o - a scroll of fear {unknown}
Potions
 d - a potion of might
 g - a potion of curing
 h - 2 potions of haste
 m - a potion of degeneration {unknown}
 p - a potion of brilliance {unknown}


   Skills:
 * Level 3.9 Fighting
 * Level 4.8 Axes
 * Level 4.4 Armour
 + Level 0.1 Dodging
 * Level 4.1 Shields


You had 4 spell levels left.
You didn't know any spells.
Your spell library was empty.

Dungeon Overview and Level Annotations

Branches:
Dungeon (3/15)

Altars:


Message History

You closely miss the frilled lizard.
The frilled lizard is heavily wounded.
You block the frilled lizard's attack.
You hit the frilled lizard.
You kill the frilled lizard!
f - 2 scrolls of identify (gained 1)
An ogre comes into view. It is wielding a +0 giant spiked club.
The ogre shouts!
Found 3 gold pieces.
You block the ogre's attack.
You hit the ogre but do no damage. You completely miss the ogre.
The ogre hits you with a +0 giant spiked club!!
Ouch! That really hurt!
You barely miss the ogre.
The ogre hits you with a +0 giant spiked club!!
* * * LOW HITPOINT WARNING * * *
Your shield and chain mail prevent you from hitting the ogre.
The ogre hits you with a +0 giant spiked club!
You die...

###### ##....# #...$.#
#.....# #.....# ###########
#..O..## ..........#
#..@...#
...####.#######.....#..
...####.##..###.......#
........##...#.......##
...#######.#.#..#..#..#
##..######.#.#..#...#.#.
.........#.#....#.#..... ..
.........#.#.##.#.##..##...
.........#.#.##.......##..#


You could see an ogre.

Vanquished Creatures
  Ijyb (D:3)
  5 adders
  2 worms
  2 dart slugs
  4 leopard geckos
  4 orcs (D:3)
  3 giant cockroaches
  6 goblins
  7 hobgoblins
  A quokka (D:3)
  7 bats
  4 frilled lizards
  3 kobolds
  9 rats
58 creatures vanquished.

Notes
Turn   | Place    | Note
-------+----------+-------------------------------------------
     0 | D:1      | jondo1214 the Hill Orc Fighter began the quest for the Orb.
     0 | D:1      | Reached XP level 1. HP: 19/19 MP: 1/1
   138 | D:1      | Reached XP level 2. HP: 27/27 MP: 2/2
   485 | D:1      | Reached XP level 3. HP: 33/33 MP: 3/3
   951 | D:2      | Found a faded altar of an unknown god.
  1271 | D:2      | Reached XP level 4. HP: 34/40 MP: 4/4
  1494 | D:3      | Noticed Ijyb
  1516 | D:3      | Killed Ijyb
  1517 | D:3      | Reached XP level 5. HP: 21/46 MP: 5/5
  1926 | D:3      | Noticed an ogre
  1933 | D:3      | Mangled by an ogre

Illustrated notes

Levels and vault maps discovered:
D:1:      lemuel_arrival_behind_the_door_large, layout_rooms, nrook_campfire,
          serial_park_tiny_1
D:2:      layout_loops_ring, chequers_ecumenical_altar_simple_redux,
          moated_statue
D:3:      layout_rooms, serial_park_tiny_pond, uniq_ijyb

Skill      XL: |  1  2  3  4 |
---------------+-------------+-----
Axes           | 3 4 |  4.8
Armour         | 4 |  4.4
Shields        | 4 |  4.1
Fighting       | |  3.9
Dodging        | |  0.1

Action                   |  1- 3 |  4- 6 || total
-------------------------+-------+-------++-------
Melee: War axe           |   195 |    84 ||   279
  Use: Scroll            |     3 |     1 ||     4
       Potion            |     1 |       ||     1
Armor: Scale mail        |    68 |       ||    68
       Chain mail        |    47 |    42 ||    89
Dodge: Dodged            |    68 |    17 ||    85
Block: Kite shield       |   112 |    61 ||   173
